 Dungeon Crawl Stone Soup version 0.31-a0-256-g80acddb972 (webtiles) character file.

Game seed: 12268923832765637545

80 qw the Shooter (level 4, -2/26 HPs)
             Began as a Gargoyle Hexslinger on July 12, 2023.
             Slain by a quokka (4 damage)
             ... on level 4 of the Dungeon.
             The game lasted 00:00:26 (960 turns).

qw the Shooter (Gargoyle Hexslinger)                 Turns: 960, Time: 00:00:27

Health: -2/26      AC:  8    Str: 12    XL:     4   Next: 39%
Magic:  5/5        EV: 10    Int: 13    God:
Gold:   43         SH:  0    Dex: 14    Spells: 4/5 levels left

rFire   . . .        Y - +1 sling
rCold   . . .        (no shield)
rNeg    + . .        e - +0 ring mail
rPois   inf          (no helmet)
rElec   +            (no cloak)
rCorr   .            (no gloves)
SInv    +            (no boots)
Will    .....        (no amulet)
Stlth   +            g - ring of see invisible
HPRegen 0.24/turn    (no ring)
MPRegen 0.09/turn

%: no passive effects
@: no status effects
A: sickness immunity, AC +3, negative energy resistance 1, electricity
resistance, torment resistance 1, petrification resistance
a: no special abilities


You were on level 4 of the Dungeon.
You visited 1 branch of the dungeon, and saw 3 of its levels.

You collected 43 gold pieces.


Innate Abilities, Weirdness & Mutations

You are immune to sickness and miasma.
Your stone body is resilient. (AC +3)
You are immune to poison.
You resist negative energy. (rN+)
You are resistant to electric shocks. (rElec)
You are resistant to unholy torment.
You are immune to petrification.


   Skills:
 - Level 2.0 Fighting
 - Level 4.1 Ranged Weapons
 + Level 0.0 Armour
 - Level 1.5 Dodging
 - Level 1.0 Spellcasting
 - Level 2.6 Hexes


You had 4 spell levels left.
You knew the following spells:

 Your Spells              Type           Power      Damage    Failure   Level
a - Slow                  Hex            28%        N/A       22%         1

Your spell library contained the following spells:

 Spells                   Type           Power      Damage    Failure   Level
 Inner Flame              Hex/Fire       4%         N/A       73%         3
 Portal Projectile        Hex/Tloc       8%         N/A       73%         3
 Cause Fear               Hex            3%         N/A       91%         4

Inventory:

Hand Weapons
 Y - a +1 sling (weapon)
Armour
 e - a +0 ring mail (worn)
Jewellery
 a - an amulet of faith
 b - a +6 ring of dexterity
 f - an amulet of regeneration
 g - a ring of see invisible (left hand)
Scrolls
 c - a scroll of teleportation {unknown}
 h - 2 scrolls of revelation {unknown}
Potions
 d - a potion of brilliance {unknown}

Dungeon Overview and Level Annotations

Branches:
Dungeon (2/15)

Altars:


Message History

The quokka barely misses you. The hound bites you but does no damage.
The quokka barely misses you. The hound bites you but does no damage.
You shoot a sling bullet. The sling bullet hits the hound.
The hound is severely wounded.
The hound barely misses you. The quokka barely misses you.
The hound bites you but does no damage.
The orc priest hits you with a +0 hand axe.
The orc hits you with a +0 whip. The quokka closely misses you.
You shoot a sling bullet. The sling bullet hits the hound!
You kill the hound!
The quokka bites you but does no damage.
The orc hits you but does no damage.
The orc priest mumbles some strange prayers to Beogh against you.
Pain shoots through your body!
Your Ranged Weapons skill increases to level 4!
You have reached level 4!
You feel stronger.
You shoot a sling bullet.
The sling bullet hits the orc priest but does no damage.
The orc priest is moderately wounded.
The quokka barely misses you. The orc hits you with a +0 club.
The orc priest hits you with a +0 hand axe.
The orc closely misses you. The quokka closely misses you.
You shoot a sling bullet.
The sling bullet barely misses the orc priest.
The orc hits you but does no damage.
The orc priest hits you but does no damage.
The quokka barely misses you. The orc hits you but does no damage.
The orc priest hits you with a +0 hand axe.
The quokka closely misses you.
You shoot a sling bullet.
The sling bullet barely misses the orc priest.
The quokka completely misses you. The orc hits you but does no damage. x2
The orc barely misses you. The orc priest misses you.
The orc hits you with a +0 whip.
You shoot a sling bullet.
The sling bullet closely misses the orc priest.
The quokka closely misses you. The orc hits you but does no damage. x2
The orc hits you with a +0 whip. The orc priest barely misses you.
The orc hits you with a +0 whip. The quokka bites you.
You die...

#.......?.#
#.........#
#.........#
+.........#
#.........#
.....:....#
......ooo.#
......r@o.#
.####.o...#
#.....#
#.....#
#.....#
#.....#
#[....#
#.....#
#######


You could see an orc priest, 4 orcs and a quokka.

Vanquished Creatures
  A hound (D:4)
  2 adders (D:2)
  A dart slug (D:2)
  4 endoplasms
  A giant cockroach (D:1)
  2 hobgoblins
  9 kobolds
  2 quokkas (D:1)
  3 ball pythons (D:1)
  2 bats (D:1)
  A frilled lizard (D:2)
  A goblin (D:2)
  4 rats
33 creatures vanquished.

Notes
Turn   | Place    | Note
-------+----------+-------------------------------------------
     0 | D:1      | qw the Gargoyle Hexslinger began the quest for the Orb.
     0 | D:1      | Reached XP level 1. HP: 12/12 MP: 2/2
     0 | D:1      | 0 ||| qw: Version: 0.3-a-52-g30416fa
     0 | D:1      | 0 ||| qw: Game counter: 6746
     0 | D:1      | 0 ||| qw: Melee chars always use a shield: true
     0 | D:1      | 0 ||| qw: God list: Okawaru
     0 | D:1      | 0 ||| qw: Allow faded altars: false
     0 | D:1      | 0 ||| qw: Do Orc after clearing Dungeon:15 true
     0 | D:1      | 0 ||| qw: Do second Lair branch before Depths: true
     0 | D:1      | 0 ||| qw: Lair rune preference: random
     0 | D:1      | 0 ||| qw: Goals: Normal
     0 | D:1      | 0 ||| PLANNING D:1-11
   204 | D:1      | Reached XP level 2. HP: 16/16 MP: 3/3
   397 | D:1      | Reached skill level 3 in Ranged Weapons
   410 | D:1      | 410 ||| FLEEEEING.
   411 | D:1      | 411 ||| FLEEEEING.
   412 | D:1      | 412 ||| FLEEEEING.
   413 | D:1      | 413 ||| FLEEEEING.
   551 | D:1      | Found a faded altar of an unknown god.
   659 | D:1      | 659 ||| UPGRADING to +0 ring mail.
   669 | D:1      | 669 ||| DROPPING +0 robe.
   670 | D:1      | 670 ||| UPGRADING to ring of see invisible.
   671 | D:1      | 671 ||| READING scroll labelled AHUTUR YT PERU.
   672 | D:1      | 672 ||| DROPPING scroll of poison.
   702 | D:2      | Reached XP level 3. HP: 21/21 MP: 4/4
   755 | D:2      | HP: 4/21 [adder (2)]
   760 | D:2      | HP: 3/21 [hobgoblin (2)]
   947 | D:2      | You fall into a shaft and drop 2 floors!
   957 | D:4      | Reached skill level 4 in Ranged Weapons
   957 | D:4      | Reached XP level 4. HP: 13/26 MP: 5/5
   960 | D:4      | HP: 3/26 [orc/+0 whip (4)]
   960 | D:4      | Slain by a quokka

Levels and vault maps discovered:
D:1:      dpeg_arrival_pond, layout_loops_ring,
          dreamdust_ecumenical_altar_angels_and_demons
D:2:      layout_rooms
D:4:      layout_gridville, mainiacjoe_overflow_alcove_2,
          minmay_temple_entry_fiery, minmay_small_thing

Skill      XL: |  1  2  3 |
---------------+----------+-----
Ranged Weapons | 3 4 |  4.1
Fighting       | 2 |  2.0
Dodging        | |  1.5
Spellcasting   | |  1.0
Hexes          | |  2.6

Action                     |  1- 3 |  4- 6 || total
---------------------------+-------+-------++-------
   Fire: Sling             |   117 |     4 ||   121
    Use: Scroll            |     1 |       ||     1
 Armour: Robe              |     8 |       ||     8
         Ring mail         |    39 |     7 ||    46
  Dodge: Dodged            |    68 |    10 ||    78

Table legend:
 A = Non-vault XP
 B = Vault XP
 C = Vault XP percentage of total XP
 D = Non-vault monster count
 E = Vault monster count
 F = Vault count percentage of total count
                 A         B        C        D         E       F
            +---------+---------+-------+---------+---------+-------
      Total |     115 |       0 |   0.0 |      33 |       0 |   0.0
            +---------+---------+-------+---------+---------+-------
        D:1 |      32 |       0 |   0.0 |      20 |       0 |   0.0
        D:2 |      43 |       0 |   0.0 |      12 |       0 |   0.0
        D:4 |      40 |       0 |   0.0 |       1 |       0 |   0.0
            +---------+---------+-------+---------+---------+-------
